 Dungeon Crawl Stone Soup version 0.28.0-53-g5a82cb258f (webtiles) character file.

Game seed: 9846039498385129766

1950 Zeld the Thaumaturge (level 8, -2/41 HPs)
             Began as a Deep Elf Fire Elementalist on May 22, 2022.
             Was a Follower of Vehumet.
             Killed from afar by Pikel (20 damage)
             ... with an iceblast
             ... on level 6 of the Dungeon.
             The game lasted 00:06:43 (7928 turns).

Zeld the Thaumaturge (Deep Elf Fire Elementalist)   Turns: 7928, Time: 00:06:43

Health: -2/41      AC:  2    Str:  5    XL:     8   Next: 99%
Magic:  22/22      EV: 13    Int: 25    God:    Vehumet [*.....]
Gold:   195        SH:  0    Dex: 10    Spells: 13/23 levels left

rFire   + . .      SeeInvis .   a - +8 falchion "Uscheexi" {freeze, rF+ Int+2 Dex-5}
rCold   . . .      Faith    .   (no shield)
rNeg    . . .      Spirit   .   p - +0 robe
rPois   .          Reflect  .   (no helmet)
rElec   .          Harm     .   (no cloak)
rCorr   .          Rampage  .   (no gloves)
Will    .....                   (no boots)
Stlth   ++........              g - amulet of regeneration
HPRegen 0.93/turn               (no ring)
MPRegen 0.18/turn               (no ring)

@: no status effects
A: no striking features
a: Renounce Religion


You were on level 6 of the Dungeon.
You worshipped Vehumet.
Vehumet was aware of your devotion.
You visited 2 branches of the dungeon, and saw 7 of its levels.
You also visited: Sewer.

You collected 195 gold pieces.

Inventory:

Hand Weapons
 a - the +8 falchion "Uscheexi" (weapon) {freeze, rF+ Int+2 Dex-5}
   (You found it on level 3 of the Dungeon)

   It freezes those it strikes, dealing additional cold damage.
   It can also slow down cold-blooded creatures.
   Int:       It affects your intelligence (+2).
   Dex:       It affects your dexterity (-5).
   rF:        It protects you from fire.
Armour
 p - a +0 robe (worn)
Jewellery
 g - an amulet of regeneration (around neck)
 x - a ring of wizardry
Wands
 s - a wand of polymorph (4)
Scrolls
 e - 4 scrolls of identify {unknown}
 f - 2 scrolls of noise {unknown}
 l - a scroll of vulnerability {unknown}
 m - a scroll of enchant weapon {unknown}
 o - a scroll of fog {unknown}
 q - a scroll of teleportation {unknown}
 u - 2 scrolls of amnesia {unknown}
Potions
 b - 4 potions of might
 c - 2 potions of attraction {unknown}
 d - 4 potions of curing {unknown}
 h - 2 potions of flight {unknown}
 i - a potion of resistance {unknown}
 j - 4 potions of mutation {unknown}
 k - a potion of brilliance {unknown}
 n - 3 potions of haste {unknown}
 r - a potion of cancellation {unknown}
 t - a potion of invisibility {unknown}
 v - 2 potions of magic {unknown}
 w - a potion of lignification {unknown}


   Skills:
 * Level 4.3 Long Blades
 + Level 5.4 Dodging
 - Level 2.4 Stealth
 * Level 8.1 Spellcasting
 + Level 4.4 Conjurations
 - Level 4.0 Hexes
 * Level 7.1 Fire Magic


You had 13 spell levels left.
You knew the following spells:

 Your Spells              Type           Power      Damage    Failure   Level
a - Foxfire               Conj/Fire      100%       2x1d9     1%          1
b - Scorch                Fire           92%        2d10      1%          2
c - Inner Flame           Hex/Fire       38%        N/A       1%          3
z - Flame Wave            Conj/Fire      39%        2d9       5%          4

Your spell library contained the following spells:

 Spells                   Type           Power      Damage    Failure   Level
 Sandblast                Erth           20%        2d7       6%          1
 Conjure Flame            Conj/Fire      39%        6-21      1%          3
 Sublimation of Blood     Necr           10%        N/A       9%          2
 Wereblood                Tmut           10%        N/A       9%          2
 Summon Hydra             Summ           5%         N/A       100%        7


Dungeon Overview and Level Annotations

Branches:
Dungeon (6/15)             Temple (1/1) D:5           Sewer (visited)

Altars:
Ashenzari
Cheibriados
Dithmenos
Elyvilon
Fedhas
Gozag
Hepliaklqana
Kikubaaqudgha
Makhleb
Nemelex Xobeh
Okawaru
Qazlal
Ru
Sif Muna
Trog
Uskayaw
Vehumet
Wu Jian
Xom
Yredelemnul
Zin
The Shining One

Annotations:
D:6 Pikel


Message History

An adder is nearby!
The adder hisses angrily.
Casting: Flame Wave (dangerous; 5% risk of failure)
Confirm with . or Enter, or press ? or * to list all spells.
Flames lash the adder.
You kill the adder!
Vehumet accepts your kill.
You feel your power returning.
Casting: Scorch (safe; 1% risk of failure)
Confirm with . or Enter, or press ? or * to list all spells.
You can't see any susceptible monsters within range! (Use Z to cast anyway.)
Casting: Scorch (safe; 1% risk of failure)
Confirm with . or Enter, or press ? or * to list all spells.
You can't see any susceptible monsters within range! (Use Z to cast anyway.) Magic restored.
There is a stone staircase leading down here.
Things that are here:
a +0 giant club; an ogre skeleton Key pressed, stopping explore.
Found a stone staircase leading down.
u - 2 scrolls labelled SEROYBBAILO (gained 1)
Found 14 stones.
d - 4 puce potions (gained 1)
You now have 195 gold pieces (gained 15).
Pikel shouts!
Pikel is nearby!
Pikel is nearby!
Casting: Scorch (safe; 1% risk of failure)
Confirm with . or Enter, or press ? or * to list all spells.
You can't see any susceptible monsters within range! (Use Z to cast anyway.) Pikel zaps a wand.
The mass of ice explodes!
The iceblast engulfs you!
You hear a shout!
Pikel zaps a wand.
The mass of ice explodes!
The iceblast engulfs you!
You hear a shout!
Pikel says, "I touched Geryon's horn once."
You see here a +0 leather armour.
Pikel zaps a wand.
The mass of ice explodes!
The iceblast engulfs you!!
There is a stone staircase leading down here.
Pikel zaps a wand.
The mass of ice explodes!
The iceblast engulfs you!!
You die...

###.# #(..# #.##########
#.#........#
######.#........#
#......#........#
#...............###########
#......##....#.............
###..#.###@.....###########
##...# #..###......######
##..###..# ######...#...
#.......# ###.....
##.###.[# ##.... #.#
#.K############...
#.###.................
######.#....##...##########
#........#..####...#


You could see Pikel.

Vanquished Creatures
  Grinder (D:6)
  Prince Ribbit (D:6)
  Eustachio (D:5)
  Duvessa (D:5)
  A water moccasin (D:5)
  An ice beast (D:6)
  A black bear (D:6)
  A necrophage (D:4)
  2 ogres
  3 lemures
  A phantom (D:5)
  A kobold brigand (Sewer)
  Dowan (D:5)
  A howler monkey (D:6)
  3 hounds
  A jelly (D:6)
  A centaur skeleton (D:6)
  A gnoll shaman (D:4)
  2 orc priests (D:4)
  An iguana (D:4)
  An orc wizard (D:3)
  2 hound skeletons
  3 howler monkey zombies
  4 gnolls (D:4)
  6 adders
  A white imp (D:5)
  2 adder skeletons (D:4)
  A worm (D:2)
  8 orcs
  6 endoplasms
  3 giant cockroaches
  3 goblins
  7 hobgoblins
  4 jackals (D:4)
  21 kobolds
  9 quokkas
  9 ball pythons
  7 bats
  3 frilled lizards
  8 rats
134 creatures vanquished.

Vanquished Creatures (others)
  161 foxfires
  2 plants (Sewer)
163 creatures vanquished.

Grand Total: 297 creatures vanquished

Notes
Turn   | Place    | Note
-------+----------+-------------------------------------------
     0 | D:1      | Zeld the Deep Elf Fire Elementalist began the quest for the
                  | Orb.
     0 | D:1      | Reached XP level 1. HP: 10/10 MP: 6/6
   564 | D:1      | Reached XP level 2. HP: 15/15 MP: 4/8
   623 | D:1      | Found a faded altar of an unknown god.
  1200 | D:1      | Learned a level 2 spell: Scorch
  1680 | D:2      | Reached XP level 3. HP: 19/19 MP: 5/10
  1684 | D:2      | Learned a level 3 spell: Inner Flame
  2303 | D:2      | You fall into a shaft and drop 2 floors!
  2534 | D:4      | Reached skill level 4 in Spellcasting
  2534 | D:4      | Reached skill level 1 in Hexes
  2534 | D:4      | Reached XP level 4. HP: 24/24 MP: 7/12
  3377 | D:3      | Reached XP level 5. HP: 28/28 MP: 7/14
  3495 | D:3      | Identified the +8 falchion "Uscheexi" {freeze, rF+ Int+2
                  | Dex-5}
  3667 | D:3      | Found an iron altar of Okawaru.
  4016 | D:4      | Reached skill level 5 in Spellcasting
  4395 | D:4      | Reached skill level 1 in Long Blades
  4395 | D:4      | Reached XP level 6. HP: 11/32 MP: 4/15
  4857 | D:4      | Reached skill level 5 in Fire Magic
  4991 | D:5      | Entered Level 5 of the Dungeon
  5199 | D:5      | Noticed a water moccasin
  5205 | D:5      | Killed a water moccasin
  5206 | D:5      | Reached XP level 7. HP: 34/36 MP: 10/17
  5301 | D:5      | Found a staircase to the Ecumenical Temple.
  5311 | Temple   | Entered the Ecumenical Temple
  5444 | Temple   | Became a worshipper of Vehumet
  5682 | D:5      | Reached skill level 6 in Spellcasting
  6079 | D:5      | Noticed Eustachio
  6123 | D:5      | Killed Eustachio
  6286 | D:5      | Noticed Duvessa
  6287 | D:5      | Noticed Dowan
  6342 | D:6      | Reached XP level 8. HP: 41/41 MP: 3/20
  6481 | D:6      | Noticed Prince Ribbit
  6492 | D:6      | Killed Prince Ribbit
  6493 | D:6      | Reached skill level 7 in Spellcasting
  6728 | D:6      | Found a glowing drain.
  6732 | Sewer    | Entered a sewer
  6868 | Sewer    | Reached * piety under Vehumet
  6868 | Sewer    | Offered knowledge of Sandblast by Vehumet.
  6969 | Sewer    | Reached skill level 5 in Dodging
  6980 | Sewer    | Learned a level 4 spell: Flame Wave
  7280 | D:6      | Noticed Grinder
  7280 | D:6      | Paralysed by Grinder for 5 turns
  7288 | D:6      | Killed Grinder
  7294 | D:6      | Reached skill level 8 in Spellcasting
  7362 | D:6      | Noticed Pikel
  7521 | D:5      | Killed Dowan
  7522 | D:5      | Killed Duvessa
  7928 | D:6      | Killed from afar by Pikel

Illustrated notes

Levels and vault maps discovered:
D:1:      evilmike_arrival_rings, layout_basic,
          ebering_ecumenical_altar_petrified, minivault_11,
          chequers_serial_rivers_micro_a
D:2:      layout_loops_ring
D:3:      layout_basic, mainiacjoe_overflow_cross_hatched, st_stairs_2,
          minmay_tree_intersection
D:4:      layout_basic
D:5:      layout_gridville, temple_statues, uniq_duvessa, uniq_eustachio
D:6:      layout_rooms, gup_sewer_entry_spiral, uniq_grinder, uniq_pikel,
          uniq_prince_ribbit1
Temple:   mainiacjoe_temple_hex_bubbles

Skill      XL: |  1  2  3  4  5  6  7  8 |
---------------+-------------------------+-----
Dodging        | 3 4 5 |  5.4
Fire Magic     | 4 5 6 7 |  7.1
Spellcasting   | 4 5 6 8 |  8.1
Hexes          | 1 2 3 4 |  4.0
Conjurations   | 2 3 4 |  4.4
Long Blades    | 1 3 4 |  4.3
Stealth        | |  2.4

Action                   |  1- 3 |  4- 6 |  7- 9 || total
-------------------------+-------+-------+-------++-------
Melee: Unarmed           |     2 |     6 |       ||     8
       Falchion          |       |     8 |    37 ||    45
 Cast: Foxfire           |   107 |     1 |     3 ||   111
       Scorch            |    15 |    60 |    89 ||   164
       Inner Flame       |       |     1 |     1 ||     2
       Flame Wave        |       |       |     3 ||     3
Armor: Robe              |     2 |    11 |    21 ||    34
Dodge: Dodged            |     6 |    25 |    96 ||   127
